AoeStats
← JMA

Arabia

510405002Analyzed
2v2 RM · 14h ago on Sep 30, 2026· 50m 12s· 4 players
Game mode
Random Map
Map size
Medium (4 player)
Population
200
Speed
Normal
Resources
Standard
Victory
Conquest
Starting age
Dark Age
Ending age
Imperial Age
RankedLock teamsTeams togetherTeam positionsShared explorationLock speedFull tech treeHidden civsTurbo modeCheats
Victory
Defeat
🇬🇧 Hindustanis · United Kingdom
891
+13
🇪🇸 Inca · Spain
837
+16
🇦🇷 Bulgarians · Argentina
837
-15
🇦🇷 Byzantines · Argentina
828
-14
Moneda de 5 duros
11:53 Feudal Age
13:15 Wheelbarrow
12:22 Horse Collar
12:30 Double-Bit Axe
12:39 Gold Mining
16:42 Stone Mining
20:45 Champi Runner
26:06 Castle Age
27:00 Squires
26:21 Champi Warrior
27:10 Thumb Ring
28:38 Forging
28:21 Fletching
31:36 Heavy Plow
33:44 Iron Casting
33:33 Scale Mail Armor
34:41 Bodkin Arrow
35:26 Hand Cart
37:15 Andean Sling
40:07 Andean Sling
47:36 Imperial Age
51:01 Chain Mail Armor
The Invisible Man
6:07 Loom
8:59 Feudal Age
9:45 Double-Bit Axe
19:10 Bloodlines
20:12 Wheelbarrow
22:20 Castle Age
20:48 Gold Mining
20:41 Horse Collar
22:16 Forging
22:12 Scale Barding Armor
25:15 Chain Barding Armor
25:06 Forging
26:15 Fletching
26:21 Town Watch
27:12 Bodkin Arrow
27:12 Elite Skirmisher
28:46 Bow Saw
28:54 Padded Archer Armor
30:01 Gold Shaft Mining
30:46 Hand Cart
32:40 Stone Mining
34:06 Thumb Ring
39:37 Imperial Age
39:05 Scale Mail Armor
39:41 Iron Casting
39:10 Man-at-Arms
40:27 Chain Mail Armor
39:56 Elite Ghulam
41:47 Chemistry
43:16 Conscription
45:28 Blast Furnace
47:53 Stone Shaft Mining
48:22 Two-Man Saw
47:26 Heavy Plow
JMA
7:40 Loom
11:06 Feudal Age
12:01 Gold Mining
11:57 Double-Bit Axe
13:54 Horse Collar
23:43 Castle Age
24:46 Heavy Plow
24:59 Bow Saw
25:05 Thumb Ring
26:08 Crossbowman
34:41 Imperial Age
34:02 Treadmill Crane
38:11 Conscription
40:00 Chemistry
39:34 Ballistics
40:58 Hoardings
42:50 Padded Archer Armor
43:01 Forging
46:27 Wheelbarrow
49:12 Two-Man Saw
50:08 Leather Archer Armor
49:43 Fletching
TATALONGO II
11:23 Feudal Age
15:54 Loom
21:05 Arson
24:14 Double-Bit Axe
31:10 Castle Age
31:16 Pikeman
33:21 Horse Collar
37:14 Bloodlines
36:57 Fletching
37:13 Scale Barding Armor
37:21 Forging
37:12 Scale Mail Armor
50:12 Imperial Age
49:44 Squires
50:04 Chain Mail Armor
Connection lost

Rejoining the realm…

Still unreachable

The connection could not be restored.

Session expired

The server has moved on; the page needs a fresh start.